[Event "Late-Titled-Tuesday-Blitz-May-28-2024"]
[Site "Chess.com"]
[Date "2024.05.28"]
[Round "10"]
[White "manitodeplomo"]
[Black "topce"]
[Result "1-0"]
[WhiteElo "2535"]
[BlackElo "2409"]
[TimeControl "180+1"]
[EndTime "15:55:52 PDT"]
[Termination "manitodeplomo won on time"]

1. d4 Nf6 2. c4 e6 3. Nf3 c5 4.
d5 d6 5. Nc3 exd5 6. cxd5 g6 7.
e4 Bg7 8. h3 O-O 9. Bd3 b5 10.
Nxb5 Nxe4 11. Bxe4 Ba6 12. a4 Re8 13. O-O Rxe4 14.
Ng5 Rb4 15. Qf3 Bf6 16. Ne4 Be7 17. Bd2 Bxb5 18. axb5 Rxb5 19. Bc3 Nd7 20. Rfe1 f5 21. Nd2 Bf6 22. Qe2 Bxc3 23. bxc3 Rb6 24. Nc4 Ne5 25.
Nxb6 axb6 26. f4 Nf7 27. Qe6 b5 28. Rxa8 Qxa8 29. Qf6 b4 30. cxb4 cxb4 31. Re7 Qf8 32. Rb7 Nd8 33. Qxf8+ Kxf8 34. Rxb4 Nf7 35. Kf2 Kg7 36.
Ke3 Kf6 37. Kd4 h6 38. g3 g5 39. Rb7 g4 40. h4 h5 41. Kc4 Kg7 42. Kb5 Kf8 43.
Kb6 Ke8 44. Rc7 Kf8 45. Kc6 Ke8 46. Rd7 Ne5+ 47. fxe5 dxe5 48. d6 f4 49. Re7+ Kf8 50.
Rxe5 fxg3 51. Re3 g2 52. Rg3 Kf7 53. Rxg2 Kf6 54. d7 Kf5 55. d8=Q Kf4 56. Qd6+ Kf3 57.
Qg3+ Ke4 58. Re2+ Kd4 59. Qe5+ Kc4 60. Qe4+ Kc3 61. Rc2+ Kb3 62. Qc4+ 1-0

[Event "Late-Titled-Tuesday-Blitz-May-28-2024"]
[Site "Chess.com"]
[Date "2024.05.28"]
[Round "10"]
[White "maximnovik"]
[Black "lamomiajunior"]
[Result "1-0"]
[WhiteElo "2573"]
[BlackElo "2709"]
[TimeControl "180+1"]
[EndTime "15:55:55 PDT"]
[Termination "maximnovik won by resignation"]

1. e4 c5 2. Nf3 d6 3. c3 Nf6 4. h3 Nc6 5. Bd3 e5 6. O-O h6 7. Bc2 g5 8. d4 g4 9. hxg4 Bxg4 10.
d5 Nb8 11. Nbd2 Rg8 12. Re1 Nh5 13. Nf1 Bh3 14. g3 Nd7 15. N1h2 Nhf6 16. Nh4 Be7 17. Kh1 Ng4 18. Nxg4 Bxg4 19. Nf3 h5 20. Kg2 h4 21. Rh1 h3+ 22. Kf1 Bf8 23. Bd3 a6 24. Be2 b5 25.
Nh2 Bxe2+ 26. Qxe2 Nf6 27. Nf3 Qd7 28. Nh4 Be7 29. a4 bxa4 30. c4 h2 31. Nf5 Rb8 32.
Kg2 Rb3 33. Rxh2 Bd8 34. Ra3 Ba5 35. Rxb3 axb3 36. Qf3 Bd8 37. Rh4 a5 38. Rh6 a4 39.
Bd2 a3 40. Qxb3 Nxe4 41. Nxd6+ Nxd6 42. bxa3 Nf5 43. Rh3 e4 44. Qb5 Nh4+ 45. Kf1 Nf3 46.
Be3 Qxb5 47. cxb5 c4 48. Rh6 f6 49. b6 Rg7 50. Rh8+ Kd7 51. b7 Bc7 52. b8=Q Bxb8 53. Rxb8 Rh7 54. Rb7+ Kd6 55. Rxh7 c3 56. Rh8 Kd7 57.
Rh7+ Kd6 58. Bf4+ Kxd5 59. Rc7 Kd4 60. a4 Kd3 61. a5 Nd4 62. a6 c2 63. a7 1-0

[Event "Late-Titled-Tuesday-Blitz-May-28-2024"]
[Site "Chess.com"]
[Date "2024.05.28"]
[Round "10"]
[White "dennisodessa"]
[Black "dawid498"]
[Result "1/2-1/2"]
[WhiteElo "2554"]
[BlackElo "2668"]
[TimeControl "180+1"]
[EndTime "15:55:55 PDT"]
[Termination "Game drawn by repetition"]

1. d4 Nf6 2. c4 g6 3. Nc3 Bg7 4.
e4 O-O 5. f3 d6 6. Be3 a6 7.
Bd3 Nbd7 8. Nge2 c5 9. Qd2 b6 10. O-O Bb7 11. Rac1 e6 12. Rfd1 Qc7 13. b3 Rfd8 14.
Bh6 cxd4 15. Nxd4 Rac8 16. Bxg7 Kxg7 17. Kh1 Ne5 18. Be2 Qe7 19. Qf4 Nc6 20. Nxc6 Bxc6 21. Qe3 Qb7 22. e5 dxe5 23. Qxe5 Qb8 24. Qxb8 Rxb8 25. c5 bxc5 26. Bxa6 Rxd1+ 27. Rxd1 Nd5 28. Ne4 Nb4 29. Nxc5 Ra8 30. Bc4 Rxa2 31. h4 Bd5 32. Rc1 Bxc4 33. bxc4 h5 34. Nd7 f6 35. c5 Nc6 36.
Rd1 Kf7 37. Rd6 Ke7 38. Nxf6 Kxf6 39. Rxc6 Rc2 40. Kh2 Kf5 41. Kg3 e5 42. Rc8 Kf6 43. c6 Kg7 44. c7 Kh7 45. Kh2 Kg7 46. Kg1 Kh7 47. Kf1 Kg7 48. Ke1 Rc1+ 49. Kd2 Rc5 50. Kd3 Kh7 51. Ke3 Kg7 52. Ke4 Kh7 53. Ke3 Kg7 54. Kf2 Kh7 55. Kg3 Kg7 56. Kh3 Rc2 57. Kh2 Kh7 58. Kg1 Kg7 59. Kf1 Rc1+ 60. Ke2 Rc2+ 61. Ke3 Rc5 1/2-1/2

[Event "Late-Titled-Tuesday-Blitz-May-28-2024"]
[Site "Chess.com"]
[Date "2024.05.28"]
[Round "10"]
[White "Denmark2015"]
[Black "ural58"]
[Result "1-0"]
[WhiteElo "2562"]
[BlackElo "2422"]
[TimeControl "180+1"]
[EndTime "15:55:55 PDT"]
[Termination "Denmark2015 won by resignation"]

1. d4 d5 2. c4 e5 3. dxe5 d4 4. Nf3 Nc6 5. a3 g6 6. b4 Bg7 7. Bb2 Nh6 8. Nbd2 Nf5 9. g4 Nh4 10. h3 h5 11. Nxh4 Qxh4 12. Nf3 Qe7 13. gxh5 Nxe5 14. Nxe5 Qxe5 15. e3 Qxh5 16. Bxd4 Bxd4 17.
Qxd4 Be6 18. Be2 Qh4 19. Qxh4 Rxh4 20. f4 O-O-O 21. Rd1 Rdh8 22. Kf2 Bxh3 23. Rxh3 Rxh3 24. Bg4+ f5 25. Bxh3 Rxh3 26. Rd3 c5 27. bxc5 Kc7 28. Rd6 Rh2+ 29. Kf3 Rh3+ 30. Ke2 Rg3 31. Kd3 Rg1 32. Kc3 a5 33. Rf6 Re1 34. Kd2 Rg1 35. Kd3 a4 36. Kd4 Rd1+ 37. Kc3 Rb1 38. Rxg6 Rb3+ 39. Kd4 Rxa3 40.
e4 fxe4 41. f5 Rf3 42. Kxe4 Rf1 43. Rg3 Kc6 44. Ra3 Kxc5 45. Rxa4 b6 46. Ke5 Re1+ 47. Kf6 Kd6 48. Rb4 Kc5 49. Rb5+ Kc6 50. Kf7 Re4 51. Rb4 Kc5 52. Rb5+ Kc6 53. f6 Rxc4 54. Rf5 Ra4 55. Ke6 Re4+ 56. Re5 Rf4 57. f7 b5 58. Rf5 Re4+ 59. Kf6 1-0

[Event "Late-Titled-Tuesday-Blitz-May-28-2024"]
[Site "Chess.com"]
[Date "2024.05.28"]
[Round "10"]
[White "BardArtem"]
[Black "yaguigor"]
[Result "1/2-1/2"]
[WhiteElo "2777"]
[BlackElo "2597"]
[TimeControl "180+1"]
[EndTime "15:55:57 PDT"]
[Termination "Game drawn by repetition"]

1. Nf3 d5 2. b3 Bg4 3. e3 Nd7 4. Bb2 c6 5. Be2 Ngf6 6. h3 Bh5 7. Ne5 Bxe2 8. Qxe2 Nxe5 9. Bxe5 Nd7 10. Bb2 e5 11. O-O Bd6 12. d3 Qh4 13. Nd2 O-O 14.
c4 a6 15. Rac1 f5 16. cxd5 cxd5 17. e4 fxe4 18. dxe4 d4 19. Nc4 Bc7 20. Qg4 Qxg4 21. hxg4 Rac8 22. f3 b5 23. Na3 Ba5 24. Rfd1 g6 25. Kf1 Nc5 26. Nc2 Ne6 27. Ba3 Rfd8 28. Nb4 Bxb4 29. Bxb4 Rxc1 30. Rxc1 d3 31. Kf2 Nf4 32.
Bd2 Rd6 33. Bxf4 exf4 34. Rc8+ Kf7 35. Ke1 h5 36. g5 d2+ 37. Kd1 Rd3 38. Rc7+ Ke6 39.
Rc6+ Ke5 40. Rxg6 h4 41. Rxa6 h3 42. gxh3 Rxf3 43. Kxd2 Rxh3 44. a4 Kxe4 45. axb5 Rxb3 46. Rb6 f3 47. g6 Rb2+ 48. Kc1 Rg2 49. Rf6 f2 50. Kd1 Ke3 51. Re6+ Kd3 52. Rd6+ Ke3 53. Re6+ Kd3 54. Rd6+ Ke3 55. Re6+ 1/2-1/2

[Event "Late-Titled-Tuesday-Blitz-May-28-2024"]
[Site "Chess.com"]
[Date "2024.05.28"]
[Round "10"]
[White "ValeriyGrinev"]
[Black "NajdorfPlayerc5"]
[Result "1-0"]
[WhiteElo "2581"]
[BlackElo "2447"]
[TimeControl "180+1"]
[EndTime "15:55:58 PDT"]
[Termination "ValeriyGrinev won on time"]

1. d4 Nf6 2. c4 e6 3. Nf3 b6 4. g3 Bb7 5. Bg2 Be7 6. O-O O-O 7.
b3 d5 8. Nbd2 c5 9. Bb2 Nc6 10. e3 Rc8 11. Rc1 Nb4 12. Qe2 Ne4 13.
Rfd1 Nxa2 14. Rc2 Nb4 15. Rcc1 Nxd2 16. Rxd2 Qc7 17. cxd5 Ba6 18. Qd1 exd5 19. dxc5 bxc5 20. Nd4 Bf6 21. Ba3 Qa5 22. Bxb4 Qxb4 23. Nf5 d4 24. exd4 cxd4 25. Rxc8 Rxc8 26. Nxd4 Rd8 27. Nf3 Rxd2 28. Nxd2 Qd4 29. Qe1 Qa1 30. Nb1 g6 31. Be4 Kg7 32.
Bc2 Qb2 33. Be4 Qxb3 34. Nd2 Qc3 35. Qd1 Qa1 36. Bb1 Bd3 37. Kg2 Bc3 38. Qb3 Bxd2 39. Qxd3 Bc3 40. Bc2 Bf6 41. Qe4 a5 42. h4 Qa2 43. h5 a4 44. Qd3 a3 45. hxg6 hxg6 46.
Bb3 Qb2 47. Qc4 Kh6 48. Qxf7 Bd4 49. Qf8+ Bg7 50. Qf4+ Kh7 51. Qh4+ Bh6 52. Qe7+ Bg7 53. Qe6 Bd4 54. Qg8+ Kh6 55. Qf7 1-0

[Event "Late-Titled-Tuesday-Blitz-May-28-2024"]
[Site "Chess.com"]
[Date "2024.05.28"]
[Round "10"]
[White "Rud_Makarian"]
[Black "Polish_fighter3000"]
[Result "1-0"]
[WhiteElo "2977"]
[BlackElo "3101"]
[TimeControl "180+1"]
[EndTime "15:56:00 PDT"]
[Termination "Rud_Makarian won by resignation"]

1. d4 f5 2. c4 Nf6 3. Nc3 d6 4. Nf3 g6 5. g3 Bg7 6. Bg2 O-O 7. O-O Qe8 8. d5 Na6 9. Rb1 Nc5 10. b3 Bd7 11.
Be3 Nfe4 12. Nxe4 Nxe4 13. Qc2 c5 14. dxc6 bxc6 15. Bd4 e5 16. Bb2 d5 17. e3 g5 18.
Rbd1 g4 19. Nd2 Be6 20. f3 Nxd2 21. Rxd2 Rc8 22. Rdf2 Qe7 23. Qd1 dxc4 24. fxg4 Rfd8 25. Qa1 fxg4 26. Bxe5 cxb3 27. axb3 Bxb3 28. Bxg7 Qxg7 29. Qa3 Bd5 30. e4 Be6 31. Rf6 Re8 32. e5 Kh8 33.
Qd6 Bg8 34. Qd4 c5 35. Qf4 c4 36. Be4 c3 37. Bc2 Rc7 38. Rf5 Rce7 39. Rg5 Rf7 40. Rxg7 Rxf4 41. Rxg8+ Kxg8 42. Rxf4 Rxe5 43. Rc4 Re3 44.
Rxg4+ Kf7 45. Kf2 Re5 46. Rc4 Rh5 47. h4 Ra5 48. Rxc3 h6 49. Kf3 Kf6 50. Bd3 Ra4 51.
g4 a5 52. Rc6+ Ke5 53. Rxh6 Rf4+ 54. Kg3 Rd4 55. Bf5 Rb4 56. Re6+ Kd5 57. Ra6 Rb3+ 58.
Kf4 1-0

[Event "Late-Titled-Tuesday-Blitz-May-28-2024"]
[Site "Chess.com"]
[Date "2024.05.28"]
[Round "10"]
[White "Grebnev_A"]
[Black "rezamahdavi2008"]
[Result "1/2-1/2"]
[WhiteElo "2697"]
[BlackElo "2991"]
[TimeControl "180+1"]
[EndTime "15:56:01 PDT"]
[Termination "Game drawn by repetition"]

1. Nf3 Nf6 2. c4 e6 3. Nc3 d5 4. e3 Be7 5. b3 dxc4 6. Bxc4 c5 7. O-O a6 8. d4 b5 9. Be2 Bb7 10. dxc5 Qxd1 11. Rxd1 Bxc5 12. Bb2 O-O 13. Nd2 Rd8 14. Bf3 Bxf3 15. Nxf3 Nc6 16. Kf1 Be7 17. Ke2 Kf8 18.
Nd2 Ke8 19. Nce4 Nxe4 20. Nxe4 f6 21. Rxd8+ Rxd8 22. Bc3 Ba3 23. Rd1 Rxd1 24. Kxd1 Kd7 25. f3 e5 26. Nf2 Ke6 27. e4 Bc5 28. Nd3 Bb6 29. g4 g6 30. h3 h5 31. Ke2 Bd4 32. Bd2 Kd6 33. gxh5 gxh5 34. f4 Bb6 35.
Bc3 Bd4 36. fxe5+ fxe5 37. Bd2 Bb6 38. Kf3 Nd4+ 39. Kg3 Ke6 40. Bb4 a5 41. Bc5 Bxc5 42.
Nxc5+ Kd6 43. Nd3 Ne2+ 44. Kh4 Nf4 45. Ne1 Kc5 46. Nf3 a4 47. bxa4 bxa4 48. Nxe5 Kd4 49.
Nd7 a3 50. e5 Kd5 51. Nb6+ Kc5 52. Nd7+ Kd5 53. Kg5 Nxh3+ 54. Kf5 Nf2 55. Nf6+ Kc6 56.
Nxh5 Nd3 57. e6 Kd6 58. Kf6 Ne5 59.
e7 Nd7+ 60. Kf7 Ne5+ 61. Kf6 Nd7+ 62. Kf7 Ne5+ 63. Kf6 1/2-1/2

[Event "Late-Titled-Tuesday-Blitz-May-28-2024"]
[Site "Chess.com"]
[Date "2024.05.28"]
[Round "10"]
[White "alexrustemov"]
[Black "SRob2003"]
[Result "1/2-1/2"]
[WhiteElo "2841"]
[BlackElo "2695"]
[TimeControl "180+1"]
[EndTime "15:56:07 PDT"]
[Termination "Game drawn by stalemate"]

1. d4 Nf6 2. c4 e6 3. Nf3 d5 4.
cxd5 exd5 5. Nc3 Bb4 6. Bg5 h6 7. Bxf6 Qxf6 8. Qa4+ Nc6 9. e3 O-O 10. Be2 Bxc3+ 11. bxc3 Ne7 12. c4 c5 13. cxd5 cxd4 14.
Nxd4 Nxd5 15. Bf3 Nb6 16. Qb4 a5 17. Qb3 a4 18. Qb4 a3 19. O-O Ra4 20. Qb3 Bd7 21. Rab1 Nc4 22. Qxb7 Rd8 23. Rfd1 Nb2 24. Rdc1 Bf5 25.
Nxf5 Qxf5 26. Qc7 Qf6 27. h3 g6 28. Rc6 Qg5 29. Rbc1 Rd2 30. Qb8+ Kh7 31. Rc8 Qf6 32.
R1c6 Qg7 33. Rd8 Rxd8 34. Qxd8 Rc4 35. Rxc4 Nxc4 36. Qd4 Ne5 37. Be2 f6 38. f4 Nc6 39.
Qc5 Qe7 40. Qxe7+ Nxe7 41. Kf2 Nd5 42. Bc4 Nc3 43. Ke1 f5 44. Kd2 Ne4+ 45. Kc2 Ng3 46.
Bd3 Kg7 47. Kb3 Kf6 48. Kxa3 g5 49. Kb4 Nh5 50. fxg5+ hxg5 51. a4 Ke5 52. a5 Nf6 53. a6 Nd5+ 54. Kc5 Nf6 55. Bb5 Ne4+ 56. Kc6 f4 57. exf4+ gxf4 58. a7 Nc3 59. a8=Q Ne4 60. Qe8+ Kd4 61. Qxe4+ Kxe4 62. Be2 Ke3 63. Bf3 Kf2 64.
Kd5 Kg3 65. Ke5 Kh4 66. Kxf4 1/2-1/2

[Event "Late-Titled-Tuesday-Blitz-May-28-2024"]
[Site "Chess.com"]
[Date "2024.05.28"]
[Round "10"]
[White "DanylaBagrov"]
[Black "PhileKhoob"]
[Result "0-1"]
[WhiteElo "2467"]
[BlackElo "2351"]
[TimeControl "180+1"]
[EndTime "15:56:07 PDT"]
[Termination "PhileKhoob won by resignation"]

1. e4 c6 2. d4 d5 3. exd5 cxd5 4. Bd3 Nc6 5. c3 Nf6 6. h3 e5 7. dxe5 Nxe5 8. Be2 Bd6 9. Nf3 O-O 10. O-O Re8 11.
Nbd2 Ng6 12. Nb3 Bc7 13. Nbd4 a6 14. Bg5 Qd6 15. Re1 Bd7 16. Bxf6 Qxf6 17. Qb3 Qd6 18. Bf1 Nh4 19. Qc2 Nxf3+ 20. Nxf3 Bc6 21. g3 g6 22. Nd4 Bd7 23. Qd2 h5 24. Rxe8+ Rxe8 25. Re1 Rxe1 26.
Qxe1 h4 27. Ne2 Bb5 28. Nf4 Bc6 29. Qd2 hxg3 30. fxg3 g5 31. Nh5 Qg6 32. g4 Be5 33.
Bd3 Qh6 34. Qf2 Bd7 35. Qc5 Qe6 36. Qf2 Bd6 37. Bf5 Qe7 38. Bxd7 Bc5 39. Qxc5 Qxc5+ 40. Kg2 Qd6 41. Bf5 d4 42. cxd4 Qxd4 43. b4 Qxb4 44. Nf6+ Kg7 45. Ne4 f6 46. Kf3 Qa3+ 47. Kg2 Qxa2+ 48.
Kg3 b5 49. Nc5 b4 50. Ne6+ Kh8 51. Nd4 b3 52. Be6 Qd2 53. Nxb3 Qe3+ 54. Kg2 Qxe6 55.
Nd4 Qe4+ 56. Nf3 a5 57. Kf2 Qxf3+ 58. Kxf3 a4 59. Ke3 a3 60. Kd3 a2 0-1

[Event "Late-Titled-Tuesday-Blitz-May-28-2024"]
[Site "Chess.com"]
[Date "2024.05.28"]
[Round "10"]
[White "RespectfulDaveOnYouTube"]
[Black "nindjaxx8"]
[Result "1-0"]
[WhiteElo "2500"]
[BlackElo "2615"]
[TimeControl "180+1"]
[EndTime "15:56:08 PDT"]
[Termination "RespectfulDaveOnYouTube won by checkmate"]

1. e4 e6 2. Qe2 c5 3. Nf3 Nc6 4. g3 Nge7 5. Bg2 d5 6. d3 dxe4 7.
dxe4 Ng6 8. O-O Be7 9. h4 O-O 10. Rd1 Qe8 11. Na3 b6 12. Nb5 Ba6 13. a4 Bf6 14. c3 Qc8 15. h5 Nge5 16. h6 g6 17. Nh2 Rd8 18. Bf4 Na5 19. Rxd8+ Qxd8 20. Rd1 Qe7 21. Bxe5 Bxe5 22. f4 Bc7 23. e5 Rd8 24. Ng4 Qf8 25. Kh2 Rxd1 26. Qxd1 Bd8 27. Qd7 g5 28. Nd6 gxf4 29. gxf4 Be7 30. Ne4 Bd3 31. Nef6+ Bxf6 32. Nxf6+ Kh8 33. Qe8 Qxe8 34. Nxe8 Nc4 35. Nd6 Nxb2 36. Nxf7+ Kg8 37. Ng5 Bf5 38. Bh3 Nxa4 39.
Nxe6 Bxh3 40. Kxh3 Nxc3 41. Nc7 a5 42. e6 Kf8 43. f5 Ne4 44. Kg4 Nf6+ 45. Kg5 Ke7 46.
Nb5 a4 47. Nd6 a3 48. Nc8+ Ke8 49. Kxf6 a2 50. Nd6+ Kd8 51. e7+ Kc7 52. e8=Q a1=Q+ 53. Qe5 Qh1 54. Ne4+ Kc6 55. Qd6+ Kb5 56. Qd7+ Kc4 57. Qa4+ Kd3 58. Qa3+ Ke2 59. Ng3+ Kf2 60. Nxh1+ Kg1 61. Qg3+ Kxh1 62. Ke5 c4 63. Kf4 c3 64. Kf3 c2 65.
Qg2# 1-0

[Event "Late-Titled-Tuesday-Blitz-May-28-2024"]
[Site "Chess.com"]
[Date "2024.05.28"]
[Round "10"]
[White "kalinchick"]
[Black "WPWPWP-2015"]
[Result "0-1"]
[WhiteElo "2376"]
[BlackElo "2512"]
[TimeControl "180+1"]
[EndTime "15:56:08 PDT"]
[Termination "WPWPWP-2015 won by checkmate"]

1. Nf3 Nf6 2. g3 c5 3. Bg2 e6 4. O-O Nc6 5. d3 Be7 6. e4 d6 7. Nc3 O-O 8. a4 Bd7 9. Re1 Rc8 10. e5 Nd5 11. exd6 Bxd6 12. Ne4 Be7 13. h4 h6 14. Bd2 Re8 15. b3 Bf8 16. Qe2 e5 17. Nc3 Ndb4 18.
Bc1 Nd4 19. Nxd4 cxd4 20. Nd5 Nxc2 21. Bd2 Nxa1 22. Rxa1 Bc6 23. Qf3 Qd7 24. Rc1 Rcd8 25. Rxc6 bxc6 26. Nb4 Bxb4 27. Bxb4 Rb8 28. Bd2 Rxb3 29.
Qe4 Rb2 30. Qe1 Reb8 31. Kh2 Qf5 32. Be4 Qf6 33. Kg2 Rb1 34. Bc1 c5 35. Qd2 R1b4 36. Qc2 Qe7 37. Bd2 Rb2 38. Qc1 Qe6 39. Be1 Rb1 40.
Qd2 R8b2 41. Qa5 Qe7 42. Qa6 g6 43. Qa5 Kg7 44. Bd2 Rd1 45. Be1 Re2 46. Bf3 Rexe1 47.
Bxd1 Rxd1 48. Qb5 Rc1 49. a5 h5 50. a6 Rc3 51. Qc6 Qf6 52. Qd5 Rxd3 53. Qe4 Ra3 54. g4 hxg4 55. h5 gxh5 56. Qe2 Qf3+ 57. Qxf3 Rxf3 58. Kh1 Rxf2 59. Kg1 Ra2 60. Kf1 Rxa6 61. Ke1 Ra2 62. Kd1 e4 63. Ke1 f5 64.
Kf1 f4 65. Ke1 c4 66. Kf1 h4 67. Ke1 h3 68. Kf1 g3 69. Ke1 f3 70. Kf1 e3 71.
Ke1 d3 72. Kf1 c3 73. Ke1 Ra1# 0-1

[Event "Late-Titled-Tuesday-Blitz-May-28-2024"]
[Site "Chess.com"]
[Date "2024.05.28"]
[Round "10"]
[White "bazar-wokzal"]
[Black "Kielinkei"]
[Result "1-0"]
[WhiteElo "2595"]
[BlackElo "2467"]
[TimeControl "180+1"]
[EndTime "15:56:11 PDT"]
[Termination "bazar-wokzal won by resignation"]

1. e4 c5 2. c3 d5 3. exd5 Qxd5 4. d4 Nf6 5. Nf3 e6 6. a3 Nc6 7.
Be3 cxd4 8. cxd4 Be7 9. Nc3 Qd6 10. Qc2 O-O 11. Bd3 g6 12. O-O Rd8 13. Rac1 Bd7 14.
Qd2 Nd5 15. Ne4 Qb8 16. Bc4 Be8 17. Bg5 Bxg5 18. Qxg5 Qf4 19. Bxd5 Qxg5 20. Nfxg5 exd5 21. Nf6+ Kg7 22. Ngxh7 Nxd4 23. Rc7 Bc6 24. Re1 Rac8 25. Rxc8 Rxc8 26. h4 Rh8 27. Re7 Nf5 28. Rc7 Nxh4 29. f4 Rxh7 30. Nxh7 Kxh7 31. Rxf7+ Kh6 32. Kf2 Nf5 33. g4 Nd6 34. Rc7 Ne4+ 35. Ke3 g5 36. f5 Nf6 37. b4 Nxg4+ 38. Kd4 Kh5 39. a4 Kh4 40. b5 Be8 41. Rxb7 Nf6 42. Ke5 Nd7+ 43.
Kd6 g4 44. Rc7 g3 45. Ke7 g2 46. Rc1 Ne5 47. Kxe8 Nf3 48. f6 g1=Q 49. Rxg1 Nxg1 50. f7 Nf3 51. f8=Q Kg3 52. Qg8+ Kf2 53. Qxd5 Ke3 54. Qb7 Nd4 55. Qxa7 Kd3 56. Qxd4+ Kxd4 57. b6 Kc5 58. b7 Kb6 59. b8=Q+ Ka6 60. Qb5+ Ka7 61.
Kd7 Ka8 62. Kc7 1-0

[Event "Late-Titled-Tuesday-Blitz-May-28-2024"]
[Site "Chess.com"]
[Date "2024.05.28"]
[Round "10"]
[White "Jospem"]
[Black "nihalsarin"]
[Result "0-1"]
[WhiteElo "3035"]
[BlackElo "3256"]
[TimeControl "180+1"]
[EndTime "15:56:13 PDT"]
[Termination "nihalsarin won on time"]

1. e4 c5 2. Nf3 e6 3. c3 d5 4. e5 Nc6 5. g3 d4 6. d3 Nge7 7. Bg2 Ng6 8. Qe2 Qc7 9. O-O Ngxe5 10.
Nxe5 Nxe5 11. cxd4 cxd4 12. Bf4 Bd6 13. Nd2 Nc6 14.
Bxd6 Qxd6 15. Rac1 O-O 16. Nc4 Qc7 17. a3 a5 18. Qd2 a4 19. Rfe1 Bd7 20. Qg5 Rfd8 21. Qc5 Be8 22. h4 h6 23. Re2 Rab8 24. Nb6 Qe7 25.
Nxa4 Qf6 26. Nb6 Ne7 27. Qe5 Bc6 28. Qxf6 gxf6 29. b4 Rd6 30. Nc4 Rdd8 31. Na5 Bxg2 32. Kxg2 Nd5 33. Rb2 Nc3 34. Nb3 Ra8 35. Nxd4 Na4 36.
Nxe6 Nxb2 37. Nxd8 Rxd8 38. Rc7 Rxd3 39. Rxb7 Rxa3 40.
Rc7 Rb3 41. Rc6 Kg7 42. Rc2 Nd3 43. Rc8 Rxb4 44. Rd8 Ne5 45. Rd1 Rb2 46. Rd4 h5 47. Kf1 Ng4 48. Rf4 Kg6 49. Kg2 f5 50. Kg1 Kf6 51.
Kg2 Ke5 52. Kg1 Nxf2 53. Rxf2 Rxf2 54. Kxf2 f4 55. Kf3 fxg3 56. Kxg3 Ke4 57. Kg2 Kf4 58. Kh3 Kf3 59. Kh2 f5 60. Kh3 f4 61. Kh2 Ke2 62. Kh1 f3 63. Kg1 f2+ 64. Kh2 f1=Q 65. Kg3 Qf3+ 66.
Kh2 Qg4 0-1

[Event "Late-Titled-Tuesday-Blitz-May-28-2024"]
[Site "Chess.com"]
[Date "2024.05.28"]
[Round "10"]
[White "BabageldiAnnaberdiyev"]
[Black "nitpicker"]
[Result "1-0"]
[WhiteElo "2566"]
[BlackElo "2303"]
[TimeControl "180+1"]
[EndTime "15:56:18 PDT"]
[Termination "BabageldiAnnaberdiyev won on time"]

1. e4 c5 2. Nf3 Nc6 3. d3 g6 4. Nbd2 Bg7 5. g3 e5 6. Bg2 d6 7. O-O Nge7 8. a4 h6 9. c3 O-O 10. h3 Be6 11. Nh2 Qd7 12. g4 f5 13.
gxf5 gxf5 14. exf5 Nxf5 15. Ne4 Nh4 16. Qh5 Nxg2 17.
Kxg2 Rf5 18. Qh4 Qd8 19. Qxd8+ Rxd8 20. Ng4 Kh7 21. f4 h5 22. Nh2 Bh6 23. fxe5 Nxe5 24. Nf6+ Kg6 25. Bxh6 Kxh6 26. d4 Nc4 27. Rxf5 Bxf5 28. b3 Nd2 29. Rd1 Nxb3 30. dxc5 Rf8 31. Rxd6 Kg5 32. Nf3+ Kf4 33. Nxh5+ Ke3 34. Ng3 Bc8 35.
Nf1+ Kf4 36. Nd4 Nxc5 37. Ng3 Rg8 38. Ne2+ Ke3 39. Rd5 Nxa4 40. Re5+ Kd2 41. Kf2 Nxc3 42. Nxc3 Kxc3 43. h4 a6 44. h5 b5 45. h6 b4 46.
h7 Rh8 47. Rc5+ Kd4 48. Rc7 b3 49. Ne2+ Kd5 50. Nc3+ Kd4 51. Ke1 Bf5 52. Kd2 Rxh7 53. Ne2+ Ke5 54. Rc5+ Kf6 55. Nd4 Bg6 56. Nxb3 Kg7 57.
Na5 Kh6 58. Ke3 Re7+ 59. Kf4 Rf7+ 60. Kg3 Rg7 61. Kh4 Bf7 62. Nc6 Rg6 63. Ne5 Rf6 64.
Ng4+ Kg7 65. Nxf6 Kxf6 66. Rc6+ Kg7 67. Rxa6 Kh8 68. Kg5 Bg8 69. Kf6 Bh7 70. Ra4 Bg8 71.
Rg4 Bh7 72. Kf7 Be4 73. Rxe4 1-0

[Event "Late-Titled-Tuesday-Blitz-May-28-2024"]
[Site "Chess.com"]
[Date "2024.05.28"]
[Round "10"]
[White "nocnypako"]
[Black "MaiqMaster"]
[Result "1-0"]
[WhiteElo "2697"]
[BlackElo "2480"]
[TimeControl "180+1"]
[EndTime "15:56:24 PDT"]
[Termination "nocnypako won by checkmate"]

1. d4 d5 2. Bf4 c5 3. e3 Nc6 4. c3 Nf6 5. Nd2 e6 6. Ngf3 cxd4 7. cxd4 Qb6 8. Qb3 Nh5 9. Bg3 Qxb3 10. Nxb3 Bb4+ 11.
Nfd2 O-O 12. a3 Bxd2+ 13. Kxd2 Nxg3 14. hxg3 b6 15. Bd3 g6 16. Rhc1 Bb7 17. Rc3 Rfc8 18.
Rac1 Ne7 19. Rc7 Bc6 20. Rxe7 Kf8 21. Rxc6 Kxe7 22. Rxc8 Rxc8 23. Nc1 Kd6 24. Ne2 a5 25. Nc3 f6 26. Nb5+ Kd7 27. e4 dxe4 28. Bxe4 f5 29. Bd3 h5 30. f4 Rh8 31. Ke2 h4 32.
Kf2 hxg3+ 33. Kxg3 Rh1 34. Nc3 Re1 35. Kf2 Rh1 36. Bb5+ Kd6 37. Be8 Rc1 38. Ba4 b5 39. Nxb5+ Kd5 40. Nc3+ Kc4 41. Bb5+ Kb3 42. Be8 Kxb2 43.
Nb5 Rc2+ 44. Kf3 Rd2 45. Bxg6 Rd3+ 46. Kf2 Kb3 47. Be8 Rd2+ 48. Kg3 Rd3+ 49. Kh4 Kc4 50. Bd7 Kd5 51. Kg5 Rg3+ 52. Kf6 Rxg2 53. Bxe6+ Ke4 54. Bxf5+ Kxf4 55. d5 Rb2 56. Nd4 Rd2 57. Ne6+ Ke3 58. Ke5 Ra2 59. d6 Ra1 60. d7 Rd1 61. d8=Q Rxd8 62.
Nxd8 Kd2 63. a4 Kc3 64. Bd7 Kb4 65. Bb5 Kc5 66. Nc6 Kb6 67. Kd5 Kb7 68. Nxa5+ Kb6 69.
Nb3 Ka7 70. Kc5 Kb7 71. a5 Kb8 72. a6 Ka7 73. Kc6 Kb8 74. Kb6 Ka8 75. Nd4 Kb8 76.
a7+ Ka8 77. Bc6# 1-0

[Event "Late-Titled-Tuesday-Blitz-May-28-2024"]
[Site "Chess.com"]
[Date "2024.05.28"]
[Round "10"]
[White "rhungaski"]
[Black "carokannlover213"]
[Result "0-1"]
[WhiteElo "2614"]
[BlackElo "2758"]
[TimeControl "180+1"]
[EndTime "15:56:37 PDT"]
[Termination "carokannlover213 won by checkmate"]

1. d4 Nf6 2. c4 e6 3. Nc3 Bb4 4.
a3 Bxc3+ 5. bxc3 c5 6. e3 O-O 7. Bd3 Qa5 8. Bd2 d5 9. cxd5 exd5 10. c4 Qc7 11. Rc1 cxd4 12. cxd5 Qe7 13. Bb4 Qe8 14.
Bxf8 Kxf8 15. Qc2 Nbd7 16. Nf3 dxe3 17. O-O exf2+ 18. Qxf2 Qd8 19. Kh1 h6 20. d6 Qb6 21.
Qg3 Nc5 22. Ne5 Be6 23. Bb1 Rd8 24. Rcd1 Qb3 25. Qf4 Qxa3 26. Bf5 Bxf5 27. Qxf5 Ne6 28. Ng6+ Kg8 29. Ne7+ Kh8 30. Qe5 Qc5 31. Qg3 Qg5 32. Qa3 Qc5 33. Qb2 Rxd6 34. Rc1 Rb6 35. Qxf6 gxf6 36.
Rxc5 Nxc5 37. Rc1 Re6 38. Nf5 Kh7 39. h4 b6 40. h5 Re5 41. g4 Re4 42. Rd1 Rxg4 43. Rd8 Rg5 44. Ne7 Rxh5+ 45. Kg2 Rg5+ 46. Kf3 Ne6 47. Rd7 a5 48. Nd5 Kg7 49. Nxb6 h5 50. Nc8 Rf5+ 51. Kg3 Ng5 52. Nd6 Re5 53. Kh4 Kg6 54. Rd8 Rd5 55. Nxf7 Rd4+ 56. Rxd4 Nf3+ 57. Kg3 Nxd4 58. Nd6 a4 59. Nc4 Nb5 60. Nd2 a3 61. Nb3 a2 62. Na1 Na3 63. Kf3 Kf5 64. Ke3 h4 65.
Kf2 Kg4 66. Kg2 f5 67. Kh2 f4 68. Kg2 f3+ 69. Kh2 Kf4 70. Kh3 Ke3 71. Kh2 f2 72. Kg2 Ke2 73. Kh2 f1=Q 74. Nc2 Qf2+ 75. Kh1 Qf3+ 76.
Kh2 Qg3+ 77. Kh1 Qh2+ 78. Kxh2 Nxc2 79. Kh3 a1=Q 80. Kg2 Qg7+ 81. Kh1 Kf2 82. Kh2 Qg2# 0-1

[Event "Late-Titled-Tuesday-Blitz-May-28-2024"]
[Site "Chess.com"]
[Date "2024.05.28"]
[Round "10"]
[White "Maect19"]
[Black "TokChess"]
[Result "0-1"]
[WhiteElo "2293"]
[BlackElo "2480"]
[TimeControl "180+1"]
[EndTime "15:56:39 PDT"]
[Termination "TokChess won by resignation"]

1. Nf3 b6 2. g3 Bb7 3. Bg2 Nf6 4.
O-O e6 5. d3 Be7 6. c4 d5 7. b3 O-O 8. Bb2 c5 9. Nbd2 Nc6 10. e3 dxc4 11. dxc4 Qc7 12. Qe2 Rad8 13. Rfd1 Nb4 14. a3 Nc6 15. Nf1 Na5 16. Be5 Qc8 17. N1d2 Ne4 18. Nxe4 Bxe4 19. Qb2 f6 20. Bc3 Nc6 21.
Ne1 Bxg2 22. Nxg2 Bd6 23. Rd2 Be5 24. Rad1 Rxd2 25. Rxd2 Rd8 26. Bxe5 Nxe5 27. Ne1 Rd7 28. Kf1 Qe8 29. Rxd7 Qxd7 30. Ke2 Kf7 31. Qd2 Qc7 32. f4 Nc6 33. Nf3 Ne7 34. e4 Qc6 35. Qd3 a6 36. e5 Nf5 37. Kf2 h5 38. h3 b5 39. g4 hxg4 40. hxg4 Nh6 41. Qd6 Nxg4+ 42. Kg3 Qxd6 43.
exd6 Ne3 44. cxb5 axb5 45. Nh4 Ke8 46. Kf3 Nc2 47. a4 bxa4 48. bxa4 Kd7 49. a5 Nb4 50. f5 Kxd6 51. Ke4 Na6 52. fxe6 Kxe6 53. Nf5 g6 54. Ne3 f5+ 55. Kf4 Nc7 56. Nc4 Kf6 57. Nd6 g5+ 58.
Kf3 Ke5 59. Nf7+ Kf6 60. Nd6 Ke6 61. Nc4 Kd5 62. Nb6+ Ke5 63. Nc4+ Kd4 64. Nd6 c4 65. Nxf5+ Kd3 66. Ne3 c3 67. Kf2 Na6 68. Kf3 Nb4 69. Kf2 Kd2 70. Kf3 g4+ 71. Nxg4 c2 72. Ne3 c1=Q 73. Nf1+ Qxf1+ 74. Ke4 Qb5 0-1